 Dungeon Sprint DCSS version 0.28.0-45-g0d030f2227 (webtiles) character file.

Game seed: 17578848539043830744

10500000 protoss039 the Axe Maniac (level 27, -37/273 HPs)
             Began as a Minotaur Gladiator on Apr 5, 2022.
             Was the Champion of Makhleb.
             Annihilated by The Servant
             ... wielding a +9 glaive of flaming
              (63 damage)
             ... in the Dungeon (Sprint VIII: "Arena of Blood").
             The game lasted 00:04:33 (105 turns).

protoss039 the Axe Maniac (Minotaur Gladiator)       Turns: 105, Time: 00:04:33

Health: -37/273    AC:  6    Str: 34    XL:     27
Magic:  32/46      EV: 23    Int:  5    God:    Makhleb [******]
Gold:   0          SH:  0    Dex: 11    Spells: 67/67 levels left

rFire   . . .      SeeInvis .   k - +∞ Axe of Woe
rCold   . . .      Faith    .   (shield currently unavailable)
rNeg    . . .      Spirit   .   b - +0 leather armour
rPois   .          Reflect  .   c - +0 hat
rElec   .          Harm     .   (no cloak)
rCorr   .          Rampage  .   (no gloves)
Will    ++...      NoTele   +   (no boots)
Stlth   +++++++++.              (no amulet)
HPRegen 0.55/turn               l - +250 ring of slaying
MPRegen 0.30/turn               (no ring)

@: slowed, very slow
A: horns 2, retaliatory headbutt
a: Renounce Religion, Minor Destruction, Lesser Servant of Makhleb, Major
Destruction, Greater Servant of Makhleb


You were in the Dungeon.
You worshipped Makhleb.
Makhleb was exalted by your worship.
You visited 1 branch

Inventory:

Hand Weapons
 a - a +0 war axe
 k - the +∞ Axe of Woe (weapon)
   (You found it in the Dungeon)
Missiles
 d - 3 throwing nets (quivered)
Armour
 b - a +0 leather armour (worn)
 c - a +0 hat (worn)
Jewellery
 l - a +250 ring of slaying (left hand)
Scrolls
 j - a scroll of blinking
Potions
 e - a potion of curing
 f - a potion of heal wounds
 g - a potion of haste
 h - 2 potions of magic
 i - a potion of berserk rage


   Skills:
 O Level 27 Fighting
 O Level 27 Short Blades
 O Level 27 Long Blades
 O Level 27 Axes
 O Level 27 Maces & Flails
 O Level 27 Polearms
 O Level 27 Staves
 O Level 27 Slings
 O Level 27 Bows
 O Level 27 Crossbows
 O Level 27 Throwing
 O Level 27 Armour
 O Level 27 Dodging
 O Level 27 Stealth
 O Level 27 Shields
 O Level 27 Unarmed Combat
 + Level 20.6 Spellcasting
 + Level 22.2 Conjurations
 + Level 20.6 Hexes
 + Level 22.0 Summonings
 + Level 22.1 Necromancy
 + Level 22.0 Translocations
 + Level 23.8 Transmutations
 + Level 22.3 Fire Magic
 + Level 22.2 Ice Magic
 + Level 22.2 Air Magic
 + Level 24.0 Earth Magic
 + Level 22.2 Poison Magic
 O Level 27 Invocations
 + Level 25.9 Evocations


You had 67 spell levels left.
You didn't know any spells.
Your spell library was empty.

Dungeon Overview and Level Annotations

Branches:
Dungeon (1/1)

Altars:
Makhleb

Annotations:
D The Servant


Innate Abilities, Weirdness & Mutations

You have a pair of horns on your head.
You reflexively headbutt those who attack you in melee.


Message History

Unknown command.
Press < or > to pray at altars.
Unknown command.
Press < or > to pray at altars.
Unknown command.
Press < or > to pray at altars.
Press: ? - help, v - describe, . - travel
Here: The Servant, wielding a +9 glaive of flaming and wearing a +130 ring of slaying (black smoke, severely wounded)
The floor, spattered with blood.
Unknown command.
Press < or > to pray at altars.
The eight-headed meat hydra appears out of thin air!
An eight-headed meat hydra comes into view.
You hear a shout!
You feel something staring at you.
A bolt of fire appears from out of thin air!
Deactivating autopickup; reactivate with Ctrl-A.
The bolt of fire hits you!!
You hear a shout! x4
A meat berserker comes into view. It is wielding a +9 battleaxe.
You hear a shout!
The dread calls on the powers of darkness!
Something is bathed in an unholy light!
Your body is wracked with pain!
* * * LOW HITPOINT WARNING * * *
The large bag of meat convulses!
Flame seeps out of the large bag of meat.
The eight-headed meat hydra convulses!
The eight-headed meat hydra roars!
The Servant convulses!
The meat berserker convulses!
The eight-headed meat hydra convulses!
The eight-headed meat hydra roars!
The meat berserker convulses!
You hear a shout!
The large bag of meat is engulfed in blazing flames.
The eight-headed meat hydra calls on the powers of darkness!
The eight-headed meat hydra convulses! x2; Your body is wracked with pain!
* * * LOW HITPOINT WARNING * * *
The large bag of meat convulses!
Flame seeps out of the large bag of meat.
The Servant hits you from afar with a +9 glaive of flaming!!!
You die...

..§. .. ..... #.
...# #.. ...# .
.###.. O§.###@.
......###...§OV.
...O.._..@..o..
#..)))# #_○O)@#
#...))#
.....{_.W)......
......###........
.###.. ...###o..
#.. D..# §. #.
....# .. ....D
.......


You could see The Servant, 2 eight-headed meat hydras, a large bag of meat
(inner flame), a dread and 2 meat berserkers.

Vanquished Creatures
  6 hell beasts (D)
  2 royal mummies (D)
  A great orb of eyes (D)
  4 wraiths (D)
  11 vampire knights (D)
  28 ogres (D)
  A two-headed ogre (D)
  3 liches (D)
  2 hydras (D)
  31 orcs (D)
  2 phantoms (D)
  2 skeletal warriors (D)
93 creatures vanquished.

Notes
Turn   | Place    | Note
-------+----------+-------------------------------------------
     0 | D        | Found the +∞ Axe of Woe
     0 | D        | protoss039 the Minotaur Gladiator began the quest for the
                  | Orb.
     0 | D        | Reached XP level 1. HP: 18/18 MP: 0/0
     0 | D        | Noticed a meat berserker
     3 | D        | Killed a meat berserker
     3 | D        | Noticed a bag of meat
     4 | D        | Reached skill level 10 in Throwing
     4 | D        | Reached XP level 2. HP: 42/42 MP: 1/1
     4 | D        | Reached XP level 3. HP: 49/49 MP: 2/2
     4 | D        | Reached XP level 4. HP: 57/57 MP: 3/3
     4 | D        | Reached XP level 5. HP: 63/63 MP: 4/4
     4 | D        | Reached XP level 6. HP: 71/71 MP: 5/5
     4 | D        | Reached XP level 7. HP: 78/78 MP: 6/6
     4 | D        | Reached XP level 8. HP: 85/85 MP: 7/7
     4 | D        | Reached XP level 9. HP: 91/91 MP: 8/8
     4 | D        | Reached XP level 10. HP: 99/99 MP: 9/9
     4 | D        | Reached XP level 11. HP: 105/105 MP: 10/10
     4 | D        | Noticed a bag of meat
     4 | D        | Noticed a bag of meat
     5 | D        | Noticed a bag of meat
     5 | D        | Killed a bag of meat
     5 | D        | Noticed a bag of meat
     6 | D        | Reached XP level 12. HP: 115/115 MP: 11/11
     6 | D        | Became a worshipper of Makhleb the Destroyer
     7 | D        | Noticed a bag of meat
     7 | D        | Noticed a bag of meat
    10 | D        | Noticed a bag of meat
    10 | D        | Noticed a meat berserker
    11 | D        | Killed a bag of meat
    11 | D        | Killed a bag of meat
    11 | D        | Reached * piety under Makhleb
    12 | D        | Reached skill level 15 in Fighting
    12 | D        | Reached XP level 13. HP: 127/127 MP: 12/12
    12 | D        | Killed a bag of meat
    12 | D        | Killed a bag of meat
    13 | D        | Reached skill level 27 in Axes
    13 | D        | Reached XP level 14. HP: 140/140 MP: 13/13
    13 | D        | Killed a meat berserker
    13 | D        | Reached ** piety under Makhleb
    13 | D        | Noticed a meat berserker
    14 | D        | Reached skill level 27 in Dodging
    14 | D        | Killed a bag of meat
    14 | D        | Killed a bag of meat
    15 | D        | Reached XP level 15. HP: 168/168 MP: 14/14
    15 | D        | Noticed a meat berserker
    17 | D        | Noticed a meat berserker
    17 | D        | Reached *** piety under Makhleb
    18 | D        | Killed a meat berserker
    19 | D        | Reached skill level 27 in Fighting
    19 | D        | Killed a meat berserker
    20 | D        | Reached skill level 27 in Throwing
    20 | D        | Reached XP level 16. HP: 183/183 MP: 15/15
    20 | D        | Killed a meat berserker
    21 | D        | Reached skill level 1 in Spellcasting
    21 | D        | Reached skill level 1 in Hexes
    22 | D        | Noticed a meat berserker
    22 | D        | Noticed a meat berserker
    24 | D        | Reached **** piety under Makhleb
    25 | D        | Noticed a meat berserker
    25 | D        | Noticed a large bag of meat
    26 | D        | Noticed a destroyer
    27 | D        | Killed a meat berserker
    28 | D        | Reached skill level 5 in Short Blades
    28 | D        | Reached skill level 5 in Slings
    28 | D        | Reached skill level 5 in Bows
    28 | D        | Reached skill level 5 in Crossbows
    28 | D        | Reached skill level 5 in Armour
    28 | D        | Reached skill level 5 in Shields
    28 | D        | Reached skill level 5 in Unarmed Combat
    28 | D        | Killed a meat berserker
    28 | D        | Noticed a meat berserker
    29 | D        | Reached skill level 5 in Long Blades
    29 | D        | Reached skill level 5 in Maces & Flails
    29 | D        | Reached skill level 5 in Polearms
    29 | D        | Reached skill level 5 in Staves
    29 | D        | Reached skill level 5 in Stealth
    29 | D        | Reached skill level 5 in Invocations
    29 | D        | Reached skill level 5 in Evocations
    29 | D        | Reached XP level 17. HP: 191/191 MP: 16/21
    29 | D        | Noticed a meat berserker
    30 | D        | Noticed a sculptor of flesh
    30 | D        | Killed a meat berserker
    30 | D        | Reached ***** piety under Makhleb
    31 | D        | Reached skill level 5 in Transmutations
    31 | D        | Reached skill level 5 in Earth Magic
    31 | D        | Killed a destroyer
    31 | D        | Noticed a destroyer
    32 | D        | Reached skill level 5 in Spellcasting
    32 | D        | Reached skill level 5 in Conjurations
    32 | D        | Reached skill level 5 in Hexes
    32 | D        | Reached skill level 5 in Summonings
    32 | D        | Reached skill level 5 in Necromancy
    32 | D        | Reached skill level 5 in Translocations
    32 | D        | Reached skill level 5 in Fire Magic
    32 | D        | Reached skill level 5 in Ice Magic
    32 | D        | Reached skill level 5 in Air Magic
    32 | D        | Reached skill level 5 in Poison Magic
    32 | D        | Killed a large bag of meat
    32 | D        | Killed a sculptor of flesh
    33 | D        | Reached XP level 18. HP: 173/200 MP: 16/25
    33 | D        | Noticed a meat berserker
    34 | D        | Killed a meat berserker
    35 | D        | Reached skill level 10 in Short Blades
    35 | D        | Reached skill level 10 in Slings
    35 | D        | Reached skill level 10 in Bows
    35 | D        | Reached skill level 10 in Crossbows
    35 | D        | Reached skill level 10 in Unarmed Combat
    36 | D        | Killed a meat berserker
    36 | D        | Reached ****** piety under Makhleb
    37 | D        | Reached skill level 10 in Long Blades
    37 | D        | Reached skill level 10 in Maces & Flails
    37 | D        | Reached skill level 10 in Polearms
    37 | D        | Reached skill level 10 in Staves
    38 | D        | Killed a destroyer
    39 | D        | Reached skill level 10 in Invocations
    39 | D        | Reached XP level 19. HP: 207/207 MP: 17/29
    40 | D        | Reached skill level 10 in Stealth
    40 | D        | Reached skill level 10 in Evocations
    40 | D        | Noticed a destroyer
    40 | D        | Killed a meat berserker
    44 | D        | Noticed a tyrant
    44 | D        | Killed a destroyer
    45 | D        | Reached skill level 10 in Transmutations
    45 | D        | Reached skill level 10 in Earth Magic
    45 | D        | Noticed a destroyer
    47 | D        | Reached XP level 20. HP: 180/216 MP: 19/31
    47 | D        | Noticed a tyrant
    47 | D        | Killed a tyrant
    47 | D        | Noticed a meat berserker
    48 | D        | Reached skill level 15 in Armour
    48 | D        | Reached skill level 15 in Shields
    48 | D        | Reached skill level 10 in Conjurations
    48 | D        | Reached skill level 10 in Summonings
    48 | D        | Reached skill level 10 in Necromancy
    48 | D        | Reached skill level 10 in Translocations
    48 | D        | Reached skill level 10 in Fire Magic
    48 | D        | Reached skill level 10 in Ice Magic
    48 | D        | Reached skill level 10 in Air Magic
    48 | D        | Reached skill level 10 in Poison Magic
    49 | D        | Killed a destroyer
    50 | D        | Noticed a destroyer
    51 | D        | Killed a meat berserker
    52 | D        | Noticed an accursed
    54 | D        | Reached skill level 15 in Bows
    57 | D        | Killed a tyrant
    58 | D        | Reached skill level 15 in Short Blades
    58 | D        | Reached skill level 15 in Slings
    58 | D        | Reached skill level 15 in Crossbows
    58 | D        | Reached skill level 15 in Unarmed Combat
    58 | D        | Reached skill level 10 in Spellcasting
    58 | D        | Reached skill level 10 in Hexes
    60 | D        | Noticed a meat berserker
    61 | D        | Noticed a meat berserker
    61 | D        | Noticed a meat berserker
    64 | D        | Killed a meat berserker
    64 | D        | Killed a meat berserker
    64 | D        | Noticed a meat berserker
    65 | D        | Reached skill level 15 in Long Blades
    65 | D        | Reached skill level 15 in Maces & Flails
    65 | D        | Reached skill level 15 in Polearms
    65 | D        | Reached skill level 15 in Staves
    65 | D        | Reached XP level 21. HP: 147/224 MP: 22/34
    66 | D        | Killed an accursed
    67 | D        | Reached skill level 15 in Invocations
    70 | D        | Noticed a dread
    71 | D        | Reached XP level 22. HP: 163/233 MP: 23/36
    72 | D        | Reached skill level 15 in Stealth
    72 | D        | Noticed a dread
    73 | D        | Reached skill level 15 in Evocations
    75 | D        | Noticed a meat beast
    76 | D        | Noticed a dread
    77 | D        | Noticed a meat beast
    77 | D        | Noticed a meat beast
    77 | D        | Killed a dread
    77 | D        | Noticed a meat beast
    78 | D        | Noticed The Servant
    78 | D        | Killed a meat beast
    78 | D        | Killed a dread
    78 | D        | Noticed a meat beast
    78 | D        | Noticed a destroyer
    79 | D        | Reached skill level 27 in Stealth
    79 | D        | Reached XP level 23. HP: 121/240 MP: 25/38
    79 | D        | Killed a meat beast
    79 | D        | Noticed a dread
    80 | D        | Reached skill level 15 in Transmutations
    80 | D        | Reached skill level 15 in Earth Magic
    80 | D        | Noticed a destroyer
    80 | D        | Noticed a destroyer
    81 | D        | Reached skill level 15 in Summonings
    81 | D        | Reached skill level 15 in Necromancy
    81 | D        | Reached skill level 15 in Poison Magic
    81 | D        | Reached XP level 24. HP: 176/249 MP: 26/39
    81 | D        | Killed a destroyer
    81 | D        | Killed a meat beast
    82 | D        | Reached skill level 15 in Air Magic
    82 | D        | Killed a meat beast
    82 | D        | Killed a meat beast
    82 | D        | Killed a destroyer
    83 | D        | Reached XP level 25. HP: 237/257 MP: 26/42
    83 | D        | Reached XP level 26. HP: 245/266 MP: 26/42
    83 | D        | Killed a dread
    83 | D        | Killed a destroyer
    83 | D        | Noticed a destroyer
    84 | D        | Noticed a meat beast
    84 | D        | Noticed a destroyer
    85 | D        | Killed a destroyer
    86 | D        | Reached skill level 27 in Armour
    86 | D        | Reached skill level 27 in Shields
    88 | D        | Reached XP level 27. HP: 222/273 MP: 27/43
    89 | D        | Killed a meat beast
    90 | D        | Killed a dread
    91 | D        | Reached skill level 27 in Long Blades
    91 | D        | Reached skill level 27 in Maces & Flails
    91 | D        | Reached skill level 27 in Polearms
    91 | D        | Reached skill level 27 in Staves
    91 | D        | Noticed an accursed
    92 | D        | Killed a destroyer
    93 | D        | Reached skill level 27 in Short Blades
    93 | D        | Reached skill level 27 in Slings
    93 | D        | Reached skill level 27 in Bows
    93 | D        | Killed a destroyer
    94 | D        | Reached skill level 27 in Crossbows
    94 | D        | Reached skill level 27 in Unarmed Combat
    95 | D        | Noticed a dread
    98 | D        | Noticed a destroyer
   100 | D        | Noticed a tyrant
   100 | D        | Killed an accursed
   100 | D        | Noticed a large bag of meat
   101 | D        | Killed a destroyer
   102 | D        | Reached skill level 27 in Invocations
   102 | D        | HP: 13/273 [something/fireball (55)]
   103 | D        | Killed a tyrant
   105 | D        | Annihilated by The Servant

Illustrated notes

Levels and vault maps discovered:
D:        meatsprint

Skill      XL: |  1  2  3  4  5  6  7  8  9 10 11 12 13 14 15 16 17 18 19 20 21 22 23 24 25 26 27 |
---------------+----------------------------------------------------------------------------------+-----
Fighting       | 12 13 15 17 24 27 | 27.0
Axes           | 21 23 26 27 | 27.0
Throwing       | 10 11 12 13 19 27 | 27.0
Dodging        | 20 22 24 26 27 | 27.0
Short Blades   | 6 9 11 13 15 17 20 23 25 27 | 27.0
Long Blades    | 5 8 11 12 15 16 17 20 24 25 27 | 27.0
Maces & Flails | 5 8 11 12 15 16 17 20 24 25 27 | 27.0
Polearms       | 5 8 11 12 15 16 17 20 24 25 27 | 27.0
Staves         | 5 8 11 12 15 16 17 20 24 25 27 | 27.0
Slings         | 6 9 11 13 15 17 20 23 25 27 | 27.0
Bows           | 6 9 11 13 15 17 20 23 25 27 | 27.0
Crossbows      | 6 9 11 13 15 17 20 23 25 27 | 27.0
Armour         | 6 9 12 14 17 18 19 22 25 27 | 27.0
Stealth        | 5 7 9 11 13 14 27 | 27.0
Shields        | 6 9 12 14 17 18 19 22 25 27 | 27.0
Unarmed Combat | 6 9 11 13 15 17 20 23 25 27 | 27.0
Spellcasting   | 3 5 7 8 10 11 12 13 16 17 20 | 20.6
Conjurations   | 4 6 8 9 11 12 13 14 17 18 22 | 22.2
Hexes          | 3 5 7 8 10 11 13 16 17 20 | 20.6
Summonings     | 4 6 8 9 11 12 13 15 17 18 22 | 22.0
Necromancy     | 4 6 8 9 11 12 13 15 17 18 22 | 22.1
Translocations | 4 6 8 9 11 12 13 14 17 18 22 | 22.0
Transmutations | 4 6 9 10 12 13 14 16 18 20 23 | 23.8
Fire Magic     | 4 6 8 9 11 12 13 14 17 18 22 | 22.3
Ice Magic      | 4 6 8 9 11 12 13 14 17 18 22 | 22.2
Air Magic      | 4 6 8 9 11 12 13 14 17 18 22 | 22.2
Earth Magic    | 4 6 9 10 12 13 14 16 18 20 24 | 24.0
Poison Magic   | 4 6 8 9 11 12 13 15 17 18 22 | 22.2
Invocations    | 5 8 10 12 14 15 16 19 22 23 27 | 27.0
Evocations     | 5 7 9 11 13 14 15 17 20 21 25 | 25.9

Action                   |  1- 3 |  4- 6 |  7- 9 | 10-12 | 13-15 | 16-18 | 19-21 | 22-24 | 25-27 || total
-------------------------+-------+-------+-------+-------+-------+-------+-------+-------+-------++-------
Melee: Executioner's axe |     1 |       |       |     2 |     6 |    10 |    15 |     9 |    18 ||    61
Armor: Leather armour    |       |       |       |       |       |       |       |     2 |       ||     2
Dodge: Dodged            |       |       |       |       |       |       |     1 |     6 |       ||     7
